 Dungeon Crawl Stone Soup version 0.31-a0-1589-g8f5e8aebd6 (webtiles) character file.

Game seed: 1149155984588087960

9 sadasda the Chopper (level 2, 0/27 HPs)
             Began as a Hill Orc Berserker on Jan 5, 2024.
             Was a Follower of Trog.
             Slain by a goblin
             ... wielding a +0 dagger
              (3 damage)
             ... on level 1 of the Dungeon.
             The game lasted 00:01:08 (164 turns).

sadasda the Chopper (Hill Orc Berserker)             Turns: 164, Time: 00:01:09

Health: 0/27       AC:  2    Str: 19    XL:     2   Next: 16%
Magic:  2/2        EV: 12    Int:  7    God:    Trog [*.....]
Gold:   0          SH:  0    Dex: 10    Spells: 1/1 levels left

rFire   . . .        a - +0 hand axe
rCold   . . .        (no shield)
rNeg    . . .        b - +0 animal skin
rPois   .            (no helmet)
rElec   .            (no cloak)
rCorr   .            (no gloves)
SInv    .            (no boots)
Will    .....        (no amulet)
Stlth   +            (no ring)
HPRegen 0.24/turn    (no ring)
MPRegen 0.08/turn

%: no passive effects
@: no status effects
A: no striking features
a: Renounce Religion, Berserk


You were on level 1 of the Dungeon.
You worshipped Trog.
Trog was aware of your devotion.
You visited 1 branch of the dungeon, and saw 1 of its levels.

Inventory:

Hand Weapons
 a - a +0 hand axe (weapon)
Armour
 b - a +0 animal skin (worn)


   Skills:
 + Level 3.9 Fighting
 + Level 4.4 Axes
 + Level 2.2 Armour
 + Level 1.6 Dodging


You had one spell level left.
You didn't know any spells.
Your spell library was empty.

Dungeon Overview and Level Annotations

Branches:
Dungeon (1/15)

Altars:


Message History

The goblin barely misses you. The goblin attacks as it pursues you!
The goblin hits you with a +0 dagger.
Found a scroll labelled AMEBRA ATEILY.
The goblin attacks as it pursues you! The goblin hits you with a +0 dagger.
You hit the hobgoblin.
The hobgoblin is heavily wounded.
You barely miss the goblin. The hobgoblin barely misses you.
The goblin closely misses you.
The hobgoblin hits you but does no damage.
The goblin misses you. The hobgoblin hits you.
The goblin hits you but does no damage.
The hobgoblin hits you but does no damage.
The goblin barely misses you.
The hobgoblin hits you but does no damage.
The goblin hits you with a +0 dagger.
The hobgoblin hits you but does no damage.
The goblin hits you with a +0 dagger. The hobgoblin closely misses you.
The goblin closely misses you. The hobgoblin hits you.
The goblin hits you but does no damage. The hobgoblin misses you.
The goblin hits you with a +0 dagger. The hobgoblin hits you.
The goblin misses you. The hobgoblin barely misses you.
The goblin hits you but does no damage. The hobgoblin barely misses you.
The goblin misses you. The hobgoblin misses you. The goblin closely misses you.
The hobgoblin barely misses you. The goblin hits you but does no damage.
The hobgoblin completely misses you. The goblin misses you.
The hobgoblin hits you. The goblin barely misses you.
The hobgoblin hits you but does no damage.
The goblin hits you with a +0 dagger.
* * * LOW HITPOINT WARNING * * *
The hobgoblin misses you. The goblin hits you but does no damage.
The hobgoblin hits you.
* * * LOW HITPOINT WARNING * * *
The goblin misses you. The hobgoblin hits you.
* * * LOW HITPOINT WARNING * * *
The goblin hits you with a +0 dagger.
* * * LOW HITPOINT WARNING * * *
The hobgoblin misses you. The goblin hits you with a +0 dagger.
You die...

.? # .. .. ..
#######..# . #.
#......#.# .. #.
##.^##....# #. #.
##.....#.. #. #.##
#....##.#
#..#.@###.#.^..#P#
#...gg##.#..##.#.#
####........P# # #
##......†.._#
#...........# # #
#..........##.#.#.
#######
#..........$.#.#S.
##.....##
#..........##.#P..
##.#####.#
#........?..)#...#


You could see a hobgoblin and a goblin.

Vanquished Creatures
  3 ball pythons (D:1)
  2 goblins (D:1)
  A hobgoblin (D:1)
  A frilled lizard (D:1)
  A rat (D:1)
8 creatures vanquished.

Notes
Turn   | Place    | Note
-------+----------+-------------------------------------------
     0 | D:1      | sadasda the Hill Orc Berserker began the quest for the Orb.
     0 | D:1      | Reached XP level 1. HP: 19/19 MP: 1/1
    36 | D:1      | Found a faded altar of an unknown god.
    46 | D:1      | Reached XP level 2. HP: 16/27 MP: 2/2
   164 | D:1      | Slain by a goblin

Illustrated notes

Levels and vault maps discovered:
D:1:      lightli_arrival_statue_moat, layout_rooms,
          shapermc_ecumenical_altar_rom_forum

Action                     || total
---------------------------++-------
  Melee: Hand axe          ||    17
 Armour: Animal skin       ||    37
  Dodge: Dodged            ||    39

Table legend: (Time is in decaauts)
 A = Elapsed time spent in this place.
 B = Non-inter-level travel time spent in this place.
 C = Inter-level travel time spent in this place.
 D = Time resting spent in this place.
 E = Time spent auto-exploring this place.
 F = Levels seen in this place.
 G = Mean time per level.
                   A        B        C        D        E       F      G
               +--------+--------+--------+--------+--------+-----+--------+
         Total |    166 |    150 |     16 |      0 |      0 |   1 |  166.0 |
       Dungeon |    166 |    150 |     16 |      0 |      0 |   1 |  166.0 |
               +--------+--------+--------+--------+--------+-----+--------+

Top non-repeatable levels by time:
     D:1: 166 daAuts
